 Dungeon Crawl Stone Soup version 0.29.1-12-g30fa7ad0bf (webtiles) character file.

Game seed: 15694496272367584825

7 growler the Firebug (level 1, -2/13 HPs)
             Began as a Demonspawn Wanderer on Jan 16, 2023.
             Slain by a jackal (3 damage)
             ... on level 1 of the Dungeon.
             The game lasted 00:01:48 (384 turns).

growler the Firebug (Demonspawn Wanderer)            Turns: 384, Time: 00:01:50

Health: -2/13      AC:  5    Str: 15    XL:     1   Next: 83%
Magic:  3/3        EV: 10    Int: 14    God:
Gold:   4          SH:  0    Dex:  8    Spells: 4/4 levels left

rFire   . . .      SeeInvis .   a - +0 club
rCold   . . .      Faith    .   (no shield)
rNeg    . . .      Spirit   .   c - +0 ring mail
rPois   .          Reflect  .   (no helmet)
rElec   .          Harm     .   (no cloak)
rCorr   .          Rampage  .   (no gloves)
Will    .....                   (no boots)
Stlth   +.........              (no amulet)
HPRegen 0.04/turn               (no ring)
MPRegen 0.08/turn               (no ring)

@: no status effects
A: no striking features
a: no special abilities


You were on level 1 of the Dungeon.
You visited 1 branch of the dungeon, and saw 1 of its levels.

You collected 4 gold pieces.

Inventory:

Hand Weapons
 a - a +0 club (weapon)
Armour
 c - a +0 ring mail (worn)
Scrolls
 b - a scroll of summoning
 d - a scroll of silence {unknown}


   Skills:
 - Level 1.7 Armour
 - Level 1.7 Stealth
 + Level 0.5 Unarmed Combat
 + Level 2.1 Spellcasting
 + Level 2.8 Fire Magic
 - Level 1.0 Ice Magic


You had 4 spell levels left.
You didn't know any spells.
Your spell library contained the following spells:

 Spells                   Type           Power      Damage    Failure   Level
 Scorch                   Fire           18%        2d5       21%         2
 Foxfire                  Conj/Fire      20%        2x1d5     26%         1
 Freeze                   Ice            16%        1d4       30%         1
 Conjure Flame            Conj/Fire      5%         6-21      58%         3
 Ozocubu's Armour         Ice            4%         N/A       65%         3
 Portal Projectile        Hex/Tloc       2%         N/A       80%         3
 Tukima's Dance           Hex            1%         N/A       80%         3
 Blade Hands              Tmut           0%         N/A       100%        5


Dungeon Overview and Level Annotations

Branches:
Dungeon (1/15)

Altars:


Message History

You miss the jackal. The jackal bites you. The jackal barely misses you.
You barely miss the jackal. The jackal closely misses you.
The jackal bites you but does no damage. x2
The jackal bites you.
You closely miss the jackal.
The jackal bites you but does no damage.
The jackal bites you.
The jackal bites you but does no damage. x2
You hit the jackal.
The jackal is heavily wounded.
The jackal misses you.
The jackal bites you but does no damage.
The jackal barely misses you. The jackal bites you.
You hit the jackal but do no damage.
The jackal is heavily wounded.
The jackal bites you but does no damage.
The jackal misses you.
The jackal bites you but does no damage.
The jackal barely misses you.
You hit the jackal but do no damage.
The jackal is heavily wounded.
The jackal closely misses you.
The jackal bites you but does no damage.
You miss the jackal.
The jackal is heavily wounded.
The jackal barely misses you. The jackal closely misses you.
The jackal barely misses you. The jackal misses you.
You hit the jackal but do no damage.
The jackal is heavily wounded.
The jackal bites you but does no damage. x2
The jackal barely misses you.
The jackal bites you but does no damage.
You hit the jackal but do no damage.
The jackal is heavily wounded.
The jackal misses you. The jackal bites you.
* * * LOW HITPOINT WARNING * * *
The jackal bites you.
* * * LOW HITPOINT WARNING * * *
The jackal bites you.
You die...

#...#...#.#
##.....##.
#.....##.
##...##.
#...#.. #...#.#
#'''#.# ###
#.#h..#.#...
#.gh@.#.#.#
#[..#.##.....#
##..#......####
#.....(......#
##.....#...###
...........#
.............
....##.....^...
$..# ####.#..##


You could see 2 jackals and a goblin.

Vanquished Creatures
  A ball python (D:1)
  A bat (D:1)
  2 giant cockroaches (D:1)
  A frilled lizard (D:1)
  A kobold (D:1)
6 creatures vanquished.

Notes
Turn   | Place    | Note
-------+----------+-------------------------------------------
     0 | D:1      | growler the Demonspawn Wanderer began the quest for the
                  | Orb.
     0 | D:1      | growler set off with the following items: a +0 club, a
                  | scroll of summoning, a +0 ring mail; and the following
                  | spells available to memorise: Scorch, Foxfire, Freeze,
                  | Conjure Flame, Ozocubu's Armour.
     0 | D:1      | Reached XP level 1. HP: 13/13 MP: 3/3
   384 | D:1      | Slain by a jackal

Illustrated notes

Levels and vault maps discovered:
D:1:      lemuel_arrival_funnel, layout_rooms,
          hellmonk_ecumenical_altar_dog_temple, reono_crystal_passage,
          st_stairs_7

Action                   || total
-------------------------++-------
Melee: Club              ||    26
Armor: Ring mail         ||    30
Dodge: Dodged            ||    29
